 Dungeon Crawl Stone Soup version 0.31-a0-1207-g4ab8c38 (webtiles) character file.

Game seed: 5367320489723093628

25 edsrzf the Gusty (level 3, 0/21 HPs)
             Began as an Octopode Air Elementalist on Dec 13, 2023.
             Slain by a jackal (3 damage)
             ... on level 1 of the Dungeon.
             The game lasted 00:01:42 (613 turns).

edsrzf the Gusty (Octopode Air Elementalist)         Turns: 613, Time: 00:01:42

Health: 0/21       AC:  1    Str:  7    XL:     3   Next: 6%
Magic:  6/6        EV: 13    Int: 19    God:
Gold:   31         SH:  0    Dex: 12    Spells: 6/7 levels left

rFire   . . .        (no weapon)
rCold   . . .        (no shield)
rNeg    . . .        (helmet restricted)
rPois   .            (no amulet)
rElec   .            (no ring)
rCorr   .            (no ring)
SInv    .            (no ring)
Will    .....        (no ring)
Stlth   +++          (no ring)
HPRegen 0.23/turn    (no ring)
MPRegen 0.10/turn    (no ring)
                     (no ring)

%: no passive effects
@: no status effects
A: almost no armour, amphibious, 8 rings, camouflage 1, gelatinous body 1,
(nimble swimmer 1), tentacles
a: no special abilities


You were on level 1 of the Dungeon.
You visited 1 branch of the dungeon, and saw 1 of its levels.

You collected 31 gold pieces.

Inventory:

Scrolls
 b - a scroll of identify {unknown}
Potions
 a - a potion of magic


   Skills:
 + Level 0.2 Fighting
 - Level 2.0 Dodging
 - Level 2.6 Stealth
 - Level 2.6 Spellcasting
 - Level 2.1 Conjurations
 - Level 3.0 Air Magic


You had 6 spell levels left.
You knew the following spells:

 Your Spells              Type           Power      Damage    Failure   Level
X - Shock                 Conj/Air       48%        1d6       5%          1

Your spell library contained the following spells:

 Spells                   Type           Power      Damage    Failure   Level
 Static Discharge         Conj/Air       24%        3-4/arc   9%          2
 Swiftness                Air            13%        N/A       14%         3
 Freeze                   Ice            8%         1d3       16%         1
 Hailstorm                Conj/Ice       6%         3d5       30%         3
 Frozen Ramparts          Ice            4%         1d1       43%         3
 Airstrike                Air            6%         2d(1-17)  43%         4


Dungeon Overview and Level Annotations

Branches:
Dungeon (1/15)

Altars:


Innate Abilities, Weirdness & Mutations

You cannot wear most types of armour.
You are amphibious.
You can wear up to eight rings at the same time.
Your skin changes colour to match your surroundings (Stealth+).
Your rubbery body absorbs attacks. (AC +1, EV +1)
((You are camouflaged when in or above water. (Stealth+)))
You have tentacles for arms and can constrict up to eight enemies at once.


Message History

Confirm with . or Enter, or press ? or * to list all spells.
The zap misses the kobold.
The kobold throws a stone.
The stone hits you.
Casting: Shock (safe; 7% risk of failure)
Confirm with . or Enter, or press ? or * to list all spells.
The zap hits the kobold.
You kill the kobold!
Your Conjurations skill increases to level 2!
You start resting.
HP restored.
Magic restored.
Things that are here:
a +0 dagger; 4 stones
Things that are here:
a +0 dagger; 8 stones
Found a beast talisman.
You see here a beast talisman.
You now have 31 gold pieces (gained 11).
A kobold comes into view. It is wielding a +0 whip.
Casting: Shock (safe; 7% risk of failure)
Confirm with . or Enter, or press ? or * to list all spells.
You miscast Shock.
You are very lightly contaminated with residual magic.
Nothing appears to happen.
Casting: Shock (safe; 7% risk of failure)
Confirm with . or Enter, or press ? or * to list all spells.
The zap hits the kobold.
You kill the kobold!
No target in view!
Your magical contamination has completely faded away.
An endoplasm comes into view.
The helpless endoplasm fails to defend itself.
You tentacle-slap the endoplasm. You squeeze the endoplasm.
You kill the endoplasm!
You enter the shallow water. 2 jackals and a rat come into view.
The jackal barks!
The rat squeaks loudly.
A jackal comes into view.
Casting: Shock (safe; 6% risk of failure)
Confirm with . or Enter, or press ? or * to list all spells.
The zap hits the jackal.
You kill the jackal!
The zap hits the rat.
The rat is moderately wounded.
The jackal barks! x2
A bat comes into view.
You miss the bat. Your grab misses the bat. The bat misses you.
The bat closely misses you.
You tentacle-slap the bat but do no damage.
Your grab misses the bat. The bat barely misses you.
The jackal barely misses you.
You barely miss the jackal. Your grab misses the jackal. The jackal bites you.
The bat hits you but does no damage. The jackal closely misses you.
The bat hits you. The bat barely misses you.
You tentacle-slap the bat. Your grab misses the bat.
The bat is moderately wounded.
The jackal barely misses you. The bat closely misses you. The jackal bites you.
The bat barely misses you.
You tentacle-slap the bat. Your grab misses the bat.
The bat is severely wounded.
The bat barely misses you. The jackal closely misses you.
You tentacle-slap the jackal. Your grab misses the jackal.
The jackal is moderately wounded.
The bat barely misses you. The jackal bites you.
You barely miss the bat. Your grab misses the bat.
The bat is severely wounded.
The bat hits you. The jackal bites you. x2
Okay, then.
You miss the bat. Your grab misses the bat. Your squeeze misses the bat.
The bat is severely wounded.
The bat hits you but does no damage. The bat misses you.
The jackal bites you but does no damage.
You tentacle-slap the jackal. You grab the jackal.
The jackal is severely wounded.
You constrict the jackal. The jackal completely misses you.
The bat closely misses you. The jackal bites you.
* * * LOW HITPOINT WARNING * * *
The bat barely misses you.
You miss the bat. Your grab misses the bat. You squeeze the bat.
You kill the bat!
You constrict the jackal, but do no damage.
The jackal bites you.
* * * LOW HITPOINT WARNING * * *
You have reached level 3!
Your experience leads to an increase in your attributes!
Increase (S)trength, (I)ntelligence, or (D)exterity?
You feel clever.
You feel clever.
Okay, then.
You tentacle-slap the rat. Your grab misses the rat.
Your squeeze misses the rat.
The rat is severely wounded.
You constrict the jackal.
You kill the jackal!
The rat closely misses you.
You tentacle-slap the jackal but do no damage.
Your grab misses the jackal. Your squeeze misses the jackal.
The jackal closely misses you. The rat bites you.
* * * LOW HITPOINT WARNING * * *
The jackal bites you.
You die...

.....≈≈~'.<#~≈§.####.
..#..≈§§####~~≈.##...
..#..~~8~~~~8~~....#.
....~8~~≈§~~8~#..##.
###..~~~≈§≈§~~~#.....
######...............##.
..........#.........####
......r##..##..###.#####
.......@h...............
.......###...##.....####
####... #.######.#...
+... #..h ..# ##
#.###..... # +. ....hr..
# ..........
............
...#.........


You could see a jackal and a rat.

Vanquished Creatures
  2 ball pythons (D:1)
  2 bats (D:1)
  An endoplasm (D:1)
  2 giant cockroaches (D:1)
  A goblin (D:1)
  3 hobgoblins (D:1)
  2 jackals (D:1)
  5 kobolds (D:1)
  A quokka (D:1)
  A frilled lizard (D:1)
20 creatures vanquished.

Notes
Turn   | Place    | Note
-------+----------+-------------------------------------------
     0 | D:1      | edsrzf the Octopode Air Elementalist began the quest for
                  | the Orb.
     0 | D:1      | Reached XP level 1. HP: 11/11 MP: 3/3
   109 | D:1      | Reached XP level 2. HP: 7/17 MP: 1/5
   409 | D:1      | Reached skill level 2 in Conjurations
   612 | D:1      | Reached XP level 3. HP: 5/21 MP: 6/6
   613 | D:1      | Slain by a jackal

Illustrated notes

Levels and vault maps discovered:
D:1:      lightli_arrival_boilingwater, layout_rooms, minmay_rat_gold_closets

Skill      XL: |  1  2 |
---------------+-------+-----
Conjurations   | 2 |  2.1
Fighting       | |  0.2
Dodging        | |  2.0
Stealth        | |  2.6
Spellcasting   | |  2.6
Air Magic      | |  3.0

Action                     || total
---------------------------++-------
  Melee: Unarmed           ||    36
         Constrict         ||     7
         Tentacles         ||     4
   Cast: Shock             ||    25
   Stab: Sleeping          ||     2
 Armour: Skin              ||    25
  Dodge: Dodged            ||    32

Table legend: (Time is in decaauts)
 A = Elapsed time spent in this place.
 B = Non-inter-level travel time spent in this place.
 C = Inter-level travel time spent in this place.
 D = Time resting spent in this place.
 E = Time spent auto-exploring this place.
 F = Levels seen in this place.
 G = Mean time per level.
                   A        B        C        D        E       F      G
               +--------+--------+--------+--------+--------+-----+--------+
         Total |    613 |    613 |      0 |    132 |    376 |   1 |  613.0 |
       Dungeon |    613 |    613 |      0 |    132 |    376 |   1 |  613.0 |
               +--------+--------+--------+--------+--------+-----+--------+

Top non-repeatable levels by time:
     D:1: 613 daAuts
